 Dungeon Crawl Stone Soup version 0.20-a0-640-g62ed22f (webtiles) character file.

960 krabocopter the Carver (level 8, 0/62 HPs)
             Began as a Formicid Gladiator on Feb 12, 2017.
             Was a Follower of Okawaru.
             Slain by an adder (3 damage)
             ... on level 5 of the Dungeon.
             The game lasted 00:14:58 (4108 turns).

krabocopter the Carver (Formicid Gladiator)         Turns: 4108, Time: 00:14:59

Health: 0/62       AC:  3    Str: 19    XL:     8   Next: 37%
Magic:  17/17      EV: 13    Int:  8    God:    Okawaru [*.....]
Gold:   184        SH:  0    Dex: 14    Spells: 7/7 levels left

rFire    . . .     SeeInvis +   a - +0 long sword
rCold    . . .     Gourm    .   b - +0 leather armour
rNeg     + . .     Faith    .   (no shield)
rPois    .         Spirit   .   (helmet unavailable)
rElec    .         Reflect  .   (no cloak)
rCorr    .         Harm     .   (no gloves)
MR       .....                  (no boots)
Stlth    +.........             s - amulet of regeneration
Regen    0.6/turn               u - ring of positive energy
MPRegen  0.2/turn               g - ring of magical power

@: lethally poisoned (0 -> 0)
A: permanent stasis, dig shafts and tunnels, four strong arms, antennae 3
a: Dig, Shaft Self, Heroism, Renounce Religion


You were on level 5 of the Dungeon.
You worshipped Okawaru.
Okawaru was aware of your devotion.
You were hungry.

You visited 1 branch of the dungeon, and saw 5 of its levels.
You also visited: Sewer.

You collected 184 gold pieces.

Inventory:

Hand Weapons
 a - a +0 long sword (weapon)
Missiles
 c - 4 throwing nets (quivered)
Armour
 b - a +0 leather armour (worn)
Jewellery
 g - a ring of magical power (left hand)
 s - an amulet of regeneration (around neck)
 u - a ring of positive energy (right hand)
Wands
 m - a wand of iceblast (15/15)
 v - a wand of scattershot (0/9)
Scrolls
 e - 5 scrolls of identify
 f - 3 scrolls of remove curse
 l - a scroll of random uselessness
 n - 2 scrolls of recharging
 p - 2 scrolls of blinking {unknown}
 q - a scroll of enchant weapon {unknown}
 r - 2 scrolls of magic mapping {unknown}
 t - a scroll of enchant armour {unknown}
 w - a scroll of fog {unknown}
 x - a scroll of fear {unknown}
Potions
 o - a potion of curing
 z - a potion of brilliance {unknown}
Comestibles
 d - 6 bread rations
 h - a meat ration
 i - 2 royal jellies
 j - 9 fruits
 k - 4 chunks of flesh


   Skills:
 + Level 5.3 Fighting
 * Level 8.1 Long Blades
 - Level 2.0 Throwing
 - Level 3.5 Dodging


You had 7 spell levels left.
You didn't know any spells.

Dungeon Overview and Level Annotations

Branches:
Dungeon (5/15)
 Temple: D:4-7

Altars:
Cheibriados
Elyvilon
Hepliaklqana
Okawaru
Qazlal
Ru
Trog
Vehumet


Innate Abilities, Weirdness & Mutations

You cannot be hasted, slowed, berserked, paralysed or teleported.
You can dig through walls and to a lower floor.
Your four strong arms can wield two-handed weapons with a shield.
You have a pair of large antennae on your head. (SInv)


Message History

The ice beast freezes you.
* * * LOW HITPOINT WARNING * * *
The adder bites you.
* * * LOW HITPOINT WARNING * * *
You are poisoned.
The adder poisons you!
You regained 2 hp, and now have 3/62 hp.
As you read the scroll labeled ODDYASCHUITT, it crumbles to dust.
You experience a momentary feeling of inescapable doom!
It was a scroll of random uselessness.
You feel sick. The adder barely misses you.
The ice beast hits you but does no damage.
You take 1 damage, and have 2/62 hp.
Okay, then.
As you read the scroll labeled SYJEDI YSTIKK, it crumbles to dust.
It is a scroll of recharging.
Charge which item? (? for menu, Esc to quit)
Your wand of iceblast (?/15) glows for a moment.
The adder bites you.
You die...

# ######......#
...#.%...##
#.###### #.#......
#.# ......# #.#
#....# #.# #a...#
#.# #....# #.#
#.a..# #.#
#########....#
#.###≈≈.≈@SZsa≈..#
#.##≈.≈≈≈≈Y≈h.####
#.##..#########
#.##..≈≈≈≈≈≈##
#.###≈≈...≈.≈##
#.# ##≈≈≈≈≈≈..#
#.##########..#
#.##≈.≈≈≈≈≈≈.≈#
#.#≈≈≈≈≈÷.≈≈≈##


You could see an ice beast, a scorpion, a hound, a worker ant, an adder and a
bullfrog zombie.

Vanquished Creatures
  2 ogres (D:4)
  A bullfrog (Sewer)
  A scorpion (D:4)
  A crimson imp (D:5)
  A bullfrog zombie (D:5)
  3 hounds
  2 bullfrog skeletons (D:4)
  An iguana (D:4)
  An orc wizard (D:4)
  3 worker ants
  A hound zombie (D:5)
  12 adders
  15 oozes
  3 worms
  3 dart slugs
  18 leopard geckos
  4 orcs (D:4)
  7 bats
  20 giant cockroaches
  6 goblins
  5 hobgoblins
  2 jackals (D:2)
  11 kobolds
  6 ball pythons
  11 frilled lizards
  6 rats
146 creatures vanquished.

Notes
Turn   | Place    | Note
-------+----------+-------------------------------------------
     0 | D:1      | krabocopter the Formicid Gladiator began the quest for the Orb.
     0 | D:1      | Reached XP level 1. HP: 16/16 MP: 1/1
   174 | D:1      | Reached XP level 2. HP: 22/23 MP: 2/2
   804 | D:1      | Reached XP level 3. HP: 28/28 MP: 3/3
   882 | D:2      | Found a hazy altar of Hepliaklqana.
   998 | D:2      | Reached skill level 4 in Long Blades
  1094 | D:2      | Reached XP level 4. HP: 34/34 MP: 4/4
  1444 | D:2      | Found a radiant altar of Vehumet.
  1466 | D:2      | Found a stormy altar of Qazlal.
  1764 | D:3      | Reached XP level 5. HP: 29/41 MP: 5/5
  1845 | D:3      | Found a sacrificial altar of Ru.
  1923 | D:3      | Found a snail-covered altar of Cheibriados.
  2146 | D:3      | Found a white marble altar of Elyvilon.
  2412 | D:4      | Reached skill level 5 in Long Blades
  2501 | D:4      | Reached XP level 6. HP: 45/48 MP: 6/6
  2688 | D:4      | Noticed an ogre
  2702 | D:4      | Killed an ogre
  2702 | D:4      | Reached skill level 6 in Long Blades
  2767 | D:4      | Found an iron altar of Okawaru.
  2792 | D:4      | Became a worshipper of Warmaster Okawaru
  2895 | D:4      | Reached XP level 7. HP: 55/55 MP: 7/7
  3022 | D:4      | Reached skill level 5 in Fighting
  3192 | D:4      | Reached skill level 7 in Long Blades
  3299 | D:4      | Noticed a moth of wrath
  3301 | D:4      | Found a bloodstained altar of Trog.
  3493 | D:5      | Entered Level 5 of the Dungeon
  3509 | D:5      | Reached * piety under Okawaru
  3524 | D:5      | Reached XP level 8. HP: 48/62 MP: 8/8
  3622 | D:5      | Found a glowing drain.
  3639 | Sewer    | Entered a sewer
  4011 | Sewer    | Reached skill level 8 in Long Blades
  4105 | D:5      | HP: 1/62 [ice beast (11)]
  4108 | D:5      | Slain by an adder

Vault maps used:
D:1:      scummos_arrival_checkerplants
D:2:      overflow_temple_1_default, nicolae_overflow_hidden_temple
D:3:      kennysheep_slug_shrine, lemuel_crystal_altar,
          lemuel_coloured_pillars_altar, first_bread, serial_bayou_pond_c
D:4:      tgw_trog, okawaru_trees_1, corexii_item_surrounded_by_moat
D:5:      gup_sewer_entry_pipe
Sewer:    sewer_frog_island_02

Skill      XL: |  1  2  3  4  5  6  7  8 |
---------------+-------------------------+-----
Long Blades    | 4 5 6 7 8 |  8.1
Fighting       | 3 4 5 |  5.3
Dodging        | 3 |  3.5
Throwing       | |  2.0

Action                   |  1- 3 |  4- 6 |  7- 9 || total
-------------------------+-------+-------+-------++-------
Melee: Long sword        |    68 |   137 |   308 ||   513
Evoke: Wand              |       |     1 |     1 ||     2
  Use: Potion            |       |     4 |     1 ||     5
       Scroll            |       |       |     4 ||     4
 Stab: Sleeping          |       |     2 |       ||     2
  Eat: Chunk             |     1 |     6 |     4 ||    11
Armor: Leather armour    |    19 |    24 |    69 ||   112
Dodge: Dodged            |    55 |    91 |   237 ||   383
       Rpst.: Long sword |    11 |    26 |    74 ||   111
